 Dungeon Crawl Stone Soup version 0.19-a0-1731-g1e0734d (webtiles) character file.

381000 MackTheKnife the Ninja (level 21, 0/127 (132) HPs)
             Began as a Spriggan Assassin on Sept 30, 2016.
             Was the Champion of Dithmenos.
             Slain by a tentacled monstrosity (8 damage)
             ... on level 4 of a ziggurat.
             The game lasted 02:00:41 (42595 turns).

MackTheKnife the Ninja (Spriggan Assassin)         Turns: 42595, Time: 02:00:42

HP:   0/127 (132)   AC: 19    Str:  9    XL:     21   Next: 55%
MP:   38/38         EV: 38    Int: 17    God:    Dithmenos [******]
Gold: 2879          SH: 11    Dex: 23    Spells: 3 memorised, 33 levels left

rFire  + . .     SeeInvis +     b - +9 quick blade (drain)
rCold  . . .     Gourm    .     T - +5 mottled dragon armour {rSticky}
rNeg   + + .     Faith    .     y - +2 buckler {AC+3}
rPois  +         Spirit   .     f - +2 hat
rElec  .         Dismiss  .     p - +2 cloak
rCorr  .         Reflect  .     (gloves unavailable)
MR     +++..     Harm     .     (boots unavailable)
Stlth  ++++++++++ Clarity  +    L - amulet of Vitality {Regen+ HP+15}
                                x - ring of Day {rF+ EV+2 Str+2}
                                Y - ring of the Gloaming {rN++ SInv}

@: lethally poisoned (0 -> -65), non-regenerating, diseased, slowed, wreathed by
umbra, constricted, quick
A: unfitting armour, see invisible, clarity, herbivore 3, speed 3, poison
resistance, slow metabolism 2, MP-powered wands
a: Shadow Step, Shadow Form, Renounce Religion
}: 3/15 runes: decaying, serpentine, silver


You were on level 4 of a ziggurat.
You worshipped Dithmenos.
Dithmenos was exalted by your worship.
You were not hungry.

You visited 9 branches of the dungeon, and saw 42 of its levels.
You visited 1 ziggurat, and saw 4 of its levels.
You also visited: Ice Cave.

You collected 4303 gold pieces.
You spent 1424 gold pieces at shops.

Inventory:

Hand Weapons
 a - a +3 quick blade of electrocution
   (You found it on level 2 of the Snake Pit)
 b - a +9 quick blade of draining (weapon)
   (You acquired it on level 9 of the Dungeon)
Armour
 f - a +2 hat (worn)
   (You found it on level 15 of the Dungeon)
 p - a +2 cloak (worn)
   (You found it on level 2 of the Dungeon)
 y - a +2 buckler of protection (worn)
   (You took it off a deep elf knight on level 2 of the Elven Halls)
 T - a +5 mottled dragon armour (worn) {rSticky}
   (You found it on level 12 of the Dungeon)
 Z - the +3 faerie dragon armour {rPois rF+ Str+4 Stlth-}
   (You took it off the Enchantress on level 1 of the Depths)

   It affects your strength (+4).
   It protects you from fire.
   It protects you from poison.
   It makes you less stealthy.
Jewellery
 c - a +4 ring of protection
   (You found it on level 5 of the Lair of Beasts)
 t - an uncursed ring of ice {rC+, rF-}
   (You found it on level 3 of the Dungeon)
 x - the ring of Day (right hand) {rF+ EV+2 Str+2}
   (You found it on level 5 of the Vaults)

   [ring of evasion]

   It affects your evasion (+2).
   It affects your strength (+2).
   It protects you from fire.
 L - the amulet of Vitality (around neck) {Regen+ HP+15}
   (You bought it in a shop on level 10 of the Dungeon)

   [amulet of regeneration]

   It affects your health (+15).
   It increases your rate of regeneration.
 N - an uncursed ring of protection from fire {rF+, !d}
   (You found it on level 14 of the Dungeon)
 Y - the ring of the Gloaming (left hand) {rN++ SInv}
   (You found it on level 5 of the Vaults)

   [ring of see invisible]

   It greatly protects you from negative energy.
   It lets you see invisible.
Wands
 e - a wand of heal wounds (4/9)
   (You acquired it on level 4 of the Vaults)
 D - a wand of digging (12/24)
   (You found it on level 2 of the Swamp)
 F - a wand of digging (3/24)
   (You found it on level 1 of the Elven Halls)
 O - a wand of disintegration (5/24)
   (You found it on level 14 of the Dungeon)
 S - a wand of teleportation (2/9)
   (You found it on level 1 of the Vaults)
 V - a wand of teleportation (3/9)
   (You found it on level 2 of the Vaults)
Scrolls
 n - 2 scrolls of identify
 s - 16 scrolls of remove curse
 w - 4 scrolls of teleportation
 A - 4 scrolls of recharging
 C - 4 scrolls of fog
 E - 3 scrolls of blinking {!r}
 H - 5 scrolls of magic mapping {!r}
 R - a scroll of summoning
 X - a scroll of silence
Potions
 d - 4 potions of haste
 h - 3 potions of resistance
 i - 15 potions of curing
 j - 5 potions of cure mutation {!q}
 k - 3 potions of invisibility
 l - 2 potions of cancellation
 m - 5 potions of brilliance
 q - 12 potions of heal wounds
 u - 3 potions of agility
 v - 3 potions of might
 J - 3 potions of ambrosia
 W - 4 potions of flight
Miscellaneous
 z - a phantom mirror
 I - a fan of gales
   (You found it on level 3 of the Elven Halls)
 M - a phial of floods
   (You found it on level 6 of the Lair of Beasts)
Comestibles
 g - 13 bread rations {@e1}
 o - a royal jelly
 r - 46 fruits
 B - a slice of pizza


   Skills:
 - Level 15.1 Fighting
 - Level 14.0 Short Blades
 - Level 2.0 Throwing
 + Level 26.1 Dodging
 O Level 27 Stealth
 - Level 7.3 Shields
 - Level 12.0 Spellcasting
 - Level 15.3 Charms


You had 33 spell levels left.
You knew the following spells:

 Your Spells              Type           Power        Failure   Level  Hunger
a - Haste                 Chrm           ######..     3%          6    ######.
r - Regeneration          Chrm/Necr      #####.....   1%          3    None
s - Shroud of Golubria    Chrm/Tloc      #####.....   1%          2    None


Dungeon Overview and Level Annotations

Branches:
Dungeon (15/15)            Temple (1/1) D:6            Lair (6/6) D:9
  Swamp (4/4) Lair:3        Snake (4/4) Lair:3        Slime (0/5) Lair:5
    Orc (2/2) D:10            Elf (3/3) Orc:2        Vaults (4/5) D:13
  Crypt (0/3) Vaults:3     Depths (2/5) D:15

Altars:
Ashenzari
Cheibriados
Dithmenos
Elyvilon
Fedhas
Gozag
Hepliaklqana
Kikubaaqudgha
Makhleb
Nemelex Xobeh
Okawaru
Qazlal
Ru
Sif Muna
Trog
Uskayaw
Vehumet
Xom
Yredelemnul
Zin
The Shining One
Beogh
Jiyva

Shops:
D:6 (   D:10 *   Orc:2 }(!!   Elf:1 }   Snake:1 ?   Snake:4 (   Vaults:2 %

Portals:
Hell: Depths:1
Pandemonium: Orc:2

Annotations:
D:7 ordcoder's ghost, novice FeEn
Lair:1 Harold
Swamp:2 Roxanne
Swamp:4 Lernaean hydra
Snake:3 vogonpoet's ghost, journeyman FeIE
Snake:4 Kirke
Elf:1 exclusion: door
Elf:2 3 runed doors, exclusion: orange crystal statue
Elf:3 exclusion: orange crystal statue
Vaults:2 Arkorax's ghost, adept FoFi


Innate Abilities, Weirdness & Mutations

You are very small and have problems with some larger weapons.
You are too small for most types of armour.
You have supernaturally acute eyesight. (SInv)
You are a herbivore.
You cover ground extremely quickly.
You need consume almost no food.
You possess an exceptional clarity of mind.
Your system is resistant to poisons. (rPois)
You expend magic power (3 MP) to strengthen your wands.


Message History

You block the tentacled monstrosity's attack. x2
The tentacled monstrosity closely misses you.
The death drake misses you.
You take 2 damage, and have 98/132 hp.
You hit the tentacled monstrosity.
Your shadow hits the tentacled monstrosity with a quick blade.
MP restored: 38 You puncture the tentacled monstrosity!
You block the death drake's attack.
You block the tentacled monstrosity's attack.
The tentacled monstrosity tentacle-slaps you but does no damage.
The tentacled monstrosity tentacle-slaps you.
The tentacled monstrosity misses you.
You take 3 damage, and have 95/132 hp.
You puncture the death drake! You drain the death drake!
Your shadow barely misses the death drake.
You hit the death drake but do no damage.
Your shadow barely misses the death drake.
The death drake misses you.
The tentacled monstrosity completely misses you. x2
The tentacled monstrosity tentacle-slaps you!
You block the tentacled monstrosity's attack.
You take 7 damage, and have 88/132 hp.
You puncture the death drake! You drain the death drake!
Your shadow closely misses the death drake.
The death drake completely misses you.
You hit the death drake.
Your shadow hits the death drake but does no damage.
You puncture the death drake! You drain the death drake!
The tentacled monstrosity completely misses you. x4
You block the death drake's attack.
You puncture the death drake! You hit the death drake.
Your shadow hits the death drake but does no damage.
You block the death drake's attack.
The tentacled monstrosity completely misses you.
The tentacled monstrosity tentacle-slaps you but does no damage.
The tentacled monstrosity completely misses you.
You block the tentacled monstrosity's attack.
You closely miss the death drake. The death drake breathes miasma at you.
The foul vapour engulfs you!
You are poisoned.
You feel your flesh rotting away!
You feel as though you will be slow longer.
You take 12 damage, and have 78/131 hp.
You hit the death drake but do no damage.
You drain the death drake!
You are engulfed in dark miasma.
You are more poisoned.
You feel your flesh rotting away!
You feel as though you will be slow longer.
You feel sick.
You block the tentacled monstrosity's attack.
The tentacled monstrosity tentacle-slaps you.
The tentacled monstrosity completely misses you.
The tentacled monstrosity grabs you.
The tentacled monstrosity constricts you!
You take 15 damage, and have 63/130 hp.
You hit the death drake. You drain the death drake!
You are engulfed in dark miasma.
You feel your flesh rotting away!
You feel ill.
You feel sick. You block the death drake's attack.
You take 3 damage, and have 60/129 hp.
You hit the death drake but do no damage.
You are engulfed in dark miasma.
You feel your flesh rotting away!
You feel sick.
The tentacled monstrosity tentacle-slaps you but does no damage.
The tentacled monstrosity completely misses you. x2
The tentacled monstrosity constricts you!
You take 13 damage, and have 47/128 hp.
You closely miss the death drake.
You are engulfed in dark miasma.
You are lethally poisoned!
You feel sick. You block the death drake's attack.
You take 5 damage, and have 42/128 hp.
You puncture the death drake!
Your shadow hits the death drake with a quick blade.
You kill the death drake!
Dithmenos accepts your kill.
You are engulfed in dark miasma.
You feel your flesh rotting away!
You feel as though you will be slow longer.
* * * LOW HITPOINT WARNING * * *
x2 You feel sick.
You take 7 damage, and have 35/127 hp.
The tentacled monstrosity's grasp on you weakens, but your attempt to escape fails.
You are engulfed in dark miasma.
* * * LOW HITPOINT WARNING * * *
x2 You feel extremely sick.
The tentacled monstrosity closely misses you.
You block the tentacled monstrosity's attack.
The tentacled monstrosity closely misses you.
* * * LOW HITPOINT WARNING * * *
The tentacled monstrosity constricts you.
The tentacled monstrosity tentacle-slaps you!
* * * LOW HITPOINT WARNING * * *
The tentacled monstrosity tentacle-slaps you but does no damage.
The tentacled monstrosity completely misses you.
You die...

▓▓▓ ▓▓▓▓.▓▓▓▓
▓▓....§§.▓▓
▓...§§§...▓
▓..§§@X...▓
▓▓.∩.#§#...▓▓
▓.">?§#≈.∩..▓
▓▓.∩.#≈#...▓▓
▓.....§†..▓
▓.....§...▓
▓▓.......▓▓
▓▓▓▓.▓▓▓▓ ▓▓▓


You could see a tentacled monstrosity.

Vanquished Creatures
  A pandemonium lord (Zig:2)
  Mennas (Vaults:2)
  Boris (Vaults:2)
  Frederick (Vaults:3)
  Nikola (Snake:1)
  the Enchantress (Depths:1)
  Jory (Vaults:4)
  A lich (Depths:1)
  2 deep elf blademasters (Elf:3)
  2 deep elf master archers (Elf:3)
  2 quicksilver dragons (Vaults:5)
  3 sphinxes
  A tengu reaver (Vaults:5)
  Gastronok (D:10)
  A shadow dragon (Vaults:5)
  A thorn hunter (Swamp:1)
  2 nagarajas
  An azure jelly (Snake:1)
  A frost giant (Vaults:5)
  5 deep elf sorcerers
  10 vault wardens
  3 fire giants
  An iron dragon (Vaults:5)
  Aizul (Snake:1)
  6 deep elf elementalists
  13 ironheart preservers
  2 spriggan defenders (Depths:1)
  10 very ugly things
  A war gargoyle (Vaults:5)
  An entropy weaver (Vaults:2)
  8 stone giants
  A vampire knight (Depths:1)
  3 deep elf demonologists (Elf:3)
  2 spark wasps (Depths:1)
  The ghost of Flanowski the Cleaver, a journeyman MiFi of Okawaru (Lair:3)
  10 deep elf annihilators
  Snorg (D:10)
  10 deep elf death magi
  7 ettins
  A deep elf high priest (Elf:3)
  6 fire dragons
  13 naga warriors
  6 yaktaur captains
  3 ice dragons
  3 great orbs of eyes
  5 rakshasas
  2 spriggan air magi (Depths:1)
  18 hydras
  A ghost crab (Swamp:4)
  6 vault guards
  Erica (D:7)
  5 centaur warriors
  8 alligators
  8 anacondas
  3 death knights
  8 deep troll shamans
  9 dancing weapons
  2 tengu warriors
  9 ogre magi
  12 naga sharpshooters
  8 shock serpents
  A vampire mage (Depths:1)
  2 deep troll earth magi (Vaults:1)
  8 orc high priests (Orc:2)
  Nergalle (Orc:1)
  7 spriggans
  11 deep elf knights
  Sonja (D:10)
  A fire crab (shapeshifter) (D:12)
  2 iron trolls (Depths:1)
  2 shadow wraiths (Vaults:2)
  A small abomination (Elf:3)
  A sixfirhy (Orc:2)
  7 deep trolls
  6 unseen horrors
  A death drake (Zig:4)
  2 glowing orange brains
  2 spriggan druids
  2 lindwurms (Lair:6)
  4 wizards
  13 swamp dragons
  A hill giant (shapeshifter) (Elf:1)
  9 deep elf archers
  A torturous demonspawn (Orc:2)
  A flayed ghost (Vaults:3)
  6 phantasmal warriors
  3 hill giants
  6 ironbrand convokers
  Pikel (D:8)
  4 necromancers
  16 orc knights
  8 mana vipers
  A wolf spider zombie (D:15)
  35 deep elf magi
  8 harpies (Vaults:2)
  33 ugly things
  A harpy (shapeshifter) (Vaults:3)
  3 manticores
  10 cyclopes
  8 salamanders
  4 orc sorcerers
  2 hornets
  2 wolf spiders
  Maurice (D:8)
  An elephant (shapeshifter) (Depths:1)
  6 elephants
  6 ice statues
  13 vault sentinels
  13 naga magi
  27 black mambas
  3 guardian serpents
  A rust devil (Orc:2)
  3 gargoyles
  6 torpor snails (Lair:6)
  10 spiny frogs
  8 freezing wraiths
  A kobold demonologist (D:12)
  5 rime drakes
  25 yaktaurs
  A golden dragon simulacrum (IceCv)
  3 anaconda simulacra (IceCv)
  An efreet (D:15)
  6 komodo dragons
  A yaktaur (shapeshifter) (Vaults:3)
  A red devil (Orc:2)
  A jumping spider (Vaults:2)
  A jumping spider (shapeshifter) (Vaults:2)
  2 tengu conjurers
  A two-headed ogre (shapeshifter) (Vaults:4)
  2 queen bees (shapeshifter)
  8 tyrant leeches
  9 trolls
  16 two-headed ogres
  8 hippogriffs
  11 blink frogs
  17 bog bodies
  43 slime creatures
  A fire giant simulacrum (Vaults:2)
  2 air elementals
  2 shadows
  A centaur simulacrum (D:14)
  A vampire (D:12)
  6 wraiths
  A ynoxinul (Orc:2)
  23 yaks
  2 chaos spawn (Orc:2)
  A wyvern (D:14)
  A wyvern (shapeshifter) (Depths:1)
  2 basilisks (Lair:6)
  A basilisk (shapeshifter) (Depths:1)
  20 humans (D:13)
  A dire elephant simulacrum (IceCv)
  3 hungry ghosts
  2 neqoxecs (Orc:2)
  2 fire elementals
  A steam dragon (Lair:6)
  Grum (D:8)
  6 large abominations (Elf:1)
  A harpy simulacrum (IceCv)
  24 vampire mosquitoes
  11 swamp worms
  7 insubstantial wisps
  6 mottled dragons
  38 nagas
  6 wargs
  A yaktaur simulacrum (Vaults:2)
  A soldier ant (shapeshifter) (D:14)
  An iron troll simulacrum (IceCv)
  A soldier ant (D:12)
  14 water moccasins
  A hydra simulacrum (IceCv)
  9 swamp drakes
  5 porcupines
  36 orc warriors
  2 slaves
  A black bear (D:9)
  13 wasps
  An ettin simulacrum (IceCv)
  2 eyes of draining (D:12)
  12 ice beasts
  3 phantoms
  4 wolves
  A necrophage (D:15)
  A black bear (shapeshifter) (Vaults:4)
  5 boggarts
  26 centaurs
  35 ogres
  6 crocodiles
  14 bullfrogs
  4 big kobolds
  Blork the orc (D:3)
  An elf zombie (Elf:1)
  2 earth elementals
  5 scorpions
  4 wights (D:12)
  6 crimson imps
  A bullfrog zombie (D:8)
  2 centaur zombies
  A quasit (D:8)
  27 orc priests
  8 hounds
  2 bullfrog skeletons
  5 centaur skeletons
  6 jellies
  Terence (D:3)
  13 iguanas
  24 orc wizards
  10 worker ants
  3 gnolls (D:3)
  16 adders
  A howler monkey skeleton (D:6)
  20 river rats
  A shadow imp (D:14)
  A white imp (Vaults:3)
  An ooze (D:1)
  An adder skeleton (D:7)
  4 worms
  A dart slug (D:3)
  6 leopard geckos
  99 orcs
  3 bats
  4 giant cockroaches
  4 goblins
  7 hobgoblins
  16 kobolds
  5 quokkas
  2 ball pythons
  2 frilled lizards (D:2)
  A leopard gecko skeleton (D:7)
  A leopard gecko zombie (D:5)
  A quokka skeleton (D:10)
  5 rats
  2 crawling corpses (Elf:3)
  2 fungi (D:9)
  2 plants (Lair:6)
1459 creatures vanquished.

Vanquished Creatures (collateral kills)
  3 orc warriors (Orc:2)
  3 orcs (Orc:2)
6 creatures vanquished.

Vanquished Creatures (others)
  A deep elf mage (Vaults:2)
  A naga mage (Snake:1)
  A slave (D:8)
  An ogre (Vaults:2)
  A necrophage (D:12)
  A boggart (Vaults:2)
  A bullfrog (D:10)
  A bush (Swamp:4)
  14 fungi
  16 plants
38 creatures vanquished.

Grand Total: 1503 creatures vanquished

Notes
Turn   | Place    | Note
-------+----------+-------------------------------------------
     0 | D:1      | MackTheKnife the Spriggan Assassin began the quest for the Orb.
     0 | D:1      | Reached XP level 1. HP: 10/10 MP: 2/2
   109 | D:1      | Reached skill level 6 in Stealth
   347 | D:1      | Reached XP level 2. HP: 11/14 MP: 3/3
   722 | D:1      | Reached skill level 7 in Stealth
   844 | D:1      | Reached skill level 2 in Dodging
  1153 | D:2      | Reached XP level 3. HP: 18/18 MP: 4/4
  1186 | D:2      | Found an opulent altar of Gozag.
  1191 | D:2      | Found a hide-covered altar of Uskayaw.
  1194 | D:2      | Found a bloodstained altar of Trog.
  1194 | D:2      | Found a stormy altar of Qazlal.
  1572 | D:2      | Reached skill level 8 in Stealth
  2021 | D:3      | Noticed Terence
  2028 | D:3      | Killed Terence
  2028 | D:3      | Reached XP level 4. HP: 22/22 MP: 5/5
  2046 | D:3      | Reached skill level 9 in Stealth
  2226 | D:3      | Noticed Blork the orc
  2247 | D:3      | Killed Blork the orc
  2247 | D:3      | Reached XP level 5. HP: 8/25 MP: 6/6
  2360 | D:3      | Reached skill level 10 in Stealth
  2468 | D:3      | Found a deep blue altar of Sif Muna.
  2895 | D:3      | Found a glowing golden altar of the Shining One.
  3336 | D:4      | Reached skill level 3 in Dodging
  3338 | D:4      | Found a snail-covered altar of Cheibriados.
  3432 | D:4      | Reached XP level 6. HP: 30/30 MP: 7/7
  4053 | D:4      | Reached skill level 4 in Dodging
  4087 | D:5      | Entered Level 5 of the Dungeon
  4169 | D:5      | Reached skill level 11 in Stealth
  4404 | D:5      | Reached skill level 5 in Dodging
  4550 | D:5      | Reached XP level 7. HP: 33/33 MP: 8/8
  4658 | D:5      | Reached skill level 6 in Dodging
  4995 | D:6      | Reached skill level 12 in Stealth
  5014 | D:6      | Reached skill level 3 in Short Blades
  5033 | D:6      | Found a staircase to the Ecumenical Temple.
  5042 | Temple   | Entered the Ecumenical Temple
  5047 | Temple   | Became a worshipper of Dithmenos the Shadowed
  5106 | D:6      | Found Zomamaamm's Antique Weapon Boutique.
  5265 | D:6      | Reached skill level 4 in Short Blades
  5265 | D:6      | Reached XP level 8. HP: 35/37 MP: 9/9
  5934 | D:7      | Found a white marble altar of Elyvilon.
  5934 | D:7      | Found a glowing golden altar of the Shining One.
  5935 | D:7      | Found a glowing silver altar of Zin.
  6037 | D:7      | Found a glowing silver altar of Zin.
  6051 | D:7      | Reached skill level 13 in Stealth
  6056 | D:7      | Noticed ordcoder's ghost (novice FeEn)
  6118 | D:7      | Reached * piety under Dithmenos
  6118 | D:7      | Reached skill level 5 in Short Blades
  6515 | D:8      | Noticed Erica
  6626 | D:8      | Noticed a troll
  6727 | D:7      | Found a blossoming altar of Fedhas.
  6842 | D:8      | Noticed Grum
  6914 | D:8      | Noticed Maurice
  6917 | D:9      | Noticed a two-headed ogre
  6920 | D:9      | Reached skill level 6 in Short Blades
  6928 | D:9      | Killed a two-headed ogre
  6928 | D:9      | Reached skill level 14 in Stealth
  6986 | D:9      | Reached skill level 7 in Dodging
  6990 | D:9      | Reached XP level 9. HP: 41/41 MP: 10/10
  7000 | D:9      | Found a staircase to the Lair.
  7006 | D:9      | Reached skill level 7 in Short Blades
  7074 | D:9      | Reached skill level 8 in Dodging
  7175 | D:9      | Reached ** piety under Dithmenos
  7189 | D:9      | Reached skill level 15 in Stealth
  7239 | D:9      | Reached skill level 8 in Short Blades
  7239 | D:9      | Reached skill level 9 in Dodging
  7461 | D:9      | Identified a scroll of acquirement
  7830 | D:10     | Entered Level 10 of the Dungeon
  7886 | D:10     | Noticed Sonja
  7908 | D:10     | Found Bifowilo's General Store.
  7944 | D:10     | Noticed a tengu warrior
  7946 | D:10     | Killed a tengu warrior
  7946 | D:10     | Reached skill level 9 in Short Blades
  7946 | D:10     | Reached skill level 10 in Dodging
  7946 | D:10     | Reached XP level 10. HP: 29/46 MP: 8/11
  8112 | D:10     | Got a blackened mace
  8151 | D:10     | Noticed Snorg
  8153 | D:10     | Killed Snorg
  8153 | D:10     | Reached skill level 16 in Stealth
  8189 | D:10     | Noticed Gastronok
  8189 | D:10     | Noticed an unseen horror
  8194 | D:10     | Killed Gastronok
  8194 | D:10     | Reached skill level 10 in Short Blades
  8194 | D:10     | Reached skill level 11 in Dodging
  8195 | D:10     | Killed an unseen horror
  8195 | D:10     | Reached skill level 17 in Stealth
  8221 | D:10     | Reached skill level 12 in Dodging
  8221 | D:10     | Reached XP level 11. HP: 49/49 MP: 12/12
  8411 | D:10     | Killed Sonja
  8411 | D:10     | Reached skill level 2 in Fighting
  8754 | D:8      | Noticed Pikel
  8758 | D:8      | Reached *** piety under Dithmenos
  8862 | D:7      | Killed Erica
  9139 | D:8      | Killed Grum
  9238 | D:10     | Bought the amulet of Vitality {Regen+ HP+15} for 518 gold pieces
  9340 | D:8      | Reached skill level 3 in Fighting
  9446 | D:8      | Killed Pikel
  9588 | D:8      | Killed Maurice
  9588 | D:8      | Reached skill level 13 in Dodging
  9757 | D:10     | Found a staircase to the Orcish Mines.
  9894 | Lair:1   | Entered Level 1 of the Lair of Beasts
  9897 | Lair:1   | Reached skill level 18 in Stealth
  9915 | Lair:1   | Gained mutation: Your system is resistant to poisons. (rPois) [potion of mutation]
  9915 | Lair:1   | Gained mutation: You expend magic power (3 MP) to strengthen your wands. [potion of mutation]
  9915 | Lair:1   | Gained mutation: You possess an exceptional clarity of mind. [potion of mutation]
 10054 | Lair:1   | Reached skill level 4 in Fighting
 10119 | Lair:1   | Reached **** piety under Dithmenos
 10188 | Lair:1   | Noticed Harold
 11004 | Lair:3   | Noticed Flanowski's ghost (journeyman MiFi)
 11045 | Lair:3   | Reached skill level 5 in Fighting
 11235 | Lair:3   | Reached skill level 19 in Stealth
 11252 | Lair:3   | Reached XP level 12. HP: 48/60 MP: 13/13
 11475 | Lair:3   | Reached skill level 6 in Fighting
 11543 | Lair:3   | Found a staircase to the Snake Pit.
 11830 | Lair:3   | Found a staircase to the Swamp.
 12384 | Lair:4   | Reached skill level 7 in Fighting
 12384 | Lair:4   | Reached skill level 20 in Stealth
 12391 | Lair:4   | Reached ***** piety under Dithmenos
 12980 | Lair:5   | Found a staircase to the Slime Pits.
 12981 | Lair:5   | Found a viscous altar of Jiyva.
 13154 | Lair:6   | Entered Level 6 of the Lair of Beasts
 13157 | Lair:6   | Noticed a five-headed hydra
 13185 | Lair:6   | Noticed a four-headed hydra
 13199 | Lair:5   | Killed a four-headed hydra
 13236 | Lair:6   | Reached skill level 8 in Fighting
 13276 | Lair:6   | Killed a five-headed hydra
 13332 | Lair:6   | Reached skill level 21 in Stealth
 13406 | Lair:6   | Found a runed door.
 13426 | Lair:6   | Noticed an ice dragon
 13429 | Lair:6   | Killed an ice dragon
 13515 | Lair:6   | Reached XP level 13. HP: 69/69 MP: 14/14
 13709 | Lair:6   | Reached skill level 9 in Fighting
 14281 | Lair:6   | Noticed a fire dragon
 14307 | Lair:6   | Killed a fire dragon
 14307 | Lair:6   | Reached skill level 22 in Stealth
 14667 | Orc:1    | Entered Level 1 of the Orcish Mines
 14673 | Orc:1    | Noticed Nergalle
 14676 | Orc:1    | Killed Nergalle
 14910 | Orc:2    | Entered Level 2 of the Orcish Mines
 14915 | Orc:2    | Found a roughly hewn altar of Beogh.
 15029 | Orc:2    | Found a staircase to the Elven Halls.
 15226 | Orc:2    | Found Pouph's Distillery.
 15227 | Orc:2    | Found Pubbai's Distillery.
 15239 | Orc:2    | Reached skill level 10 in Fighting
 15386 | Orc:2    | Reached ****** piety under Dithmenos
 16163 | Orc:2    | Reached skill level 14 in Dodging
 16265 | Orc:2    | Bought a potion of haste for 180 gold pieces
 16265 | Orc:2    | Bought a potion of heal wounds for 90 gold pieces
 16265 | Orc:2    | Bought a potion of heal wounds for 90 gold pieces
 16265 | Orc:2    | Bought a potion of heal wounds for 90 gold pieces
 16483 | Orc:2    | Reached skill level 23 in Stealth
 16499 | Orc:2    | Found Ceinwes's Antique Weapon Emporium.
 16499 | Orc:2    | Found a one-way gate leading to the halls of Pandemonium.
 16499 | Orc:2    | Found Oxisti's Gadget Shoppe.
 16689 | Orc:2    | Reached XP level 14. HP: 58/77 MP: 15/15
 17000 | Orc:2    | Bought a potion of invisibility for 112 gold pieces
 17000 | Orc:2    | Bought a potion of heal wounds for 70 gold pieces
 17188 | Orc:2    | Reached skill level 15 in Dodging
 17247 | Elf:1    | Entered Level 1 of the Elven Halls
 17669 | Elf:1    | Noticed a deep elf elementalist
 17671 | Elf:1    | Killed a deep elf elementalist
 17683 | Elf:1    | Reached skill level 16 in Dodging
 17736 | Elf:1    | Reached skill level 24 in Stealth
 17919 | Elf:1    | Identified the Volume of Evil Secrets
 18034 | Elf:1    | Found Bahoikla's Gadget Boutique.
 18367 | Elf:2    | Reached skill level 17 in Dodging
 18437 | Elf:2    | Found a runed gate.
 18440 | Elf:2    | Found a runed gate.
 18440 | Elf:2    | Found a runed gate.
 18790 | D:11     | Found a stormy altar of Qazlal.
 19148 | D:11     | Learned a level 3 spell: Regeneration
 19324 | D:12     | Reached skill level 25 in Stealth
 19365 | D:12     | Reached XP level 15. HP: 80/80 MP: 16/16
 19866 | D:12     | Identified the Handbook of Assistive Toxins
 19879 | D:12     | Learned a level 6 spell: Haste
 19912 | D:12     | Reached skill level 18 in Dodging
 20696 | D:12     | Reached skill level 1 in Shields
 20922 | D:13     | Reached skill level 2 in Shields
 21317 | D:13     | Reached skill level 3 in Shields
 21505 | D:13     | Reached skill level 4 in Shields
 21591 | D:13     | Found a gate to the Vaults.
 21601 | D:13     | Reached skill level 5 in Shields
 22158 | D:14     | Reached skill level 6 in Shields
 22546 | D:15     | Entered Level 15 of the Dungeon
 22761 | D:15     | Found a staircase to the Depths.
 23011 | D:15     | Reached skill level 7 in Shields
 23524 | Snake:1  | Entered Level 1 of the Snake Pit
 23528 | Snake:1  | Noticed Aizul
 23529 | Snake:1  | Noticed Nikola
 23530 | Snake:1  | Killed Aizul
 23531 | Snake:1  | Killed Nikola
 23531 | Snake:1  | Reached XP level 16. HP: 85/85 MP: 12/17
 23792 | Snake:1  | Found a frozen archway.
 23799 | IceCv    | Entered an ice cave
 23806 | IceCv    | Reached skill level 26 in Stealth
 23905 | IceCv    | HP: 19/100 [golden dragon simulacrum (24)]
 24762 | Snake:1  | Found a sparkling altar of Nemelex Xobeh.
 24822 | Snake:1  | Found Vahuez's Magic Scroll Boutique.
 24830 | Snake:1  | Bought a scroll of recharging for 104 gold pieces
 24830 | Snake:1  | Bought a scroll of recharging for 104 gold pieces
 24830 | Snake:1  | Bought a scroll of teleportation for 33 gold pieces
 24830 | Snake:1  | Bought a scroll of teleportation for 33 gold pieces
 24851 | Snake:1  | Reached skill level 27 in Stealth
 24863 | Snake:1  | Reached skill level 1 in Spellcasting
 24863 | Snake:1  | Reached skill level 1 in Charms
 25035 | Snake:1  | Reached skill level 2 in Charms
 25100 | Snake:1  | Reached skill level 2 in Spellcasting
 25155 | Snake:1  | Reached skill level 3 in Charms
 25211 | Snake:2  | Reached skill level 3 in Spellcasting
 25211 | Snake:2  | Reached skill level 4 in Charms
 25335 | Snake:2  | Reached skill level 4 in Spellcasting
 25335 | Snake:2  | Reached skill level 5 in Charms
 25702 | Snake:2  | Reached skill level 6 in Charms
 25845 | Snake:2  | Reached skill level 5 in Spellcasting
 26063 | Snake:3  | Reached skill level 7 in Charms
 26115 | Snake:3  | Reached skill level 6 in Spellcasting
 26141 | Snake:3  | Noticed vogonpoet's ghost (journeyman FeIE)
 26634 | Snake:2  | Reached skill level 11 in Fighting
 26804 | Snake:4  | Entered Level 4 of the Snake Pit
 27002 | Snake:4  | Reached XP level 17. HP: 91/91 MP: 27/27
 27106 | Snake:4  | Found Zifoduar's Weapon Shop.
 27168 | Snake:4  | Found a sacrificial altar of Ru.
 27370 | Snake:4  | Noticed Kirke
 27567 | Snake:4  | Reached skill level 12 in Fighting
 27772 | Snake:4  | Got a serpentine rune of Zot
 28079 | Swamp:1  | Entered Level 1 of the Swamp
 28280 | Swamp:2  | Noticed Roxanne
 28741 | Swamp:2  | Got a warped quarterstaff
 28910 | Swamp:3  | Reached skill level 13 in Fighting
 29168 | Swamp:4  | Entered Level 4 of the Swamp
 29648 | Swamp:4  | Noticed the 27-headed Lernaean hydra
 29754 | Swamp:3  | Noticed a tentacled monstrosity
 29864 | Swamp:4  | Reached skill level 14 in Fighting
 30109 | Swamp:4  | Reached skill level 8 in Charms
 30137 | Swamp:4  | Got a decaying rune of Zot
 30350 | Swamp:1  | Reached skill level 7 in Spellcasting
 30564 | Swamp:1  | Reached skill level 9 in Charms
 31179 | Lair:3   | Killed Flanowski's ghost
 31179 | Lair:3   | Reached skill level 8 in Spellcasting
 31179 | Lair:3   | Reached XP level 18. HP: 74/102 MP: 29/31
 31426 | Vaults:1 | Entered Level 1 of the Vaults
 31495 | Vaults:1 | Reached skill level 10 in Charms
 31648 | Vaults:1 | Reached skill level 9 in Spellcasting
 31971 | Vaults:1 | Reached skill level 11 in Charms
 32183 | Vaults:1 | Reached skill level 10 in Spellcasting
 32325 | Vaults:1 | Reached skill level 12 in Charms
 32753 | Vaults:1 | Reached skill level 11 in Spellcasting
 33054 | Vaults:2 | Reached skill level 13 in Charms
 33114 | Vaults:2 | Noticed Mennas
 33116 | Vaults:2 | Killed Mennas
 33172 | Vaults:2 | Reached skill level 12 in Spellcasting
 33448 | Vaults:2 | Reached skill level 14 in Charms
 33630 | Vaults:2 | Noticed Boris
 33632 | Vaults:2 | Killed Boris
 33632 | Vaults:2 | Reached skill level 15 in Charms
 33847 | Vaults:2 | Reached XP level 19. HP: 106/106 MP: 34/36
 34150 | Vaults:2 | Reached skill level 19 in Dodging
 34392 | Vaults:2 | Noticed Arkorax's ghost (adept FoFi)
 34707 | Vaults:2 | Found Rinedd's Food Boutique.
 34934 | Vaults:3 | Noticed Frederick
 34936 | Vaults:3 | Killed Frederick
 34936 | Vaults:3 | Reached skill level 20 in Dodging
 34994 | Vaults:3 | Found a staircase to the Crypt.
 35297 | Vaults:3 | Reached skill level 21 in Dodging
 36132 | Vaults:4 | Reached skill level 22 in Dodging
 36492 | Vaults:4 | Noticed Jory
 36494 | Vaults:4 | Killed Jory
 36796 | Vaults:5 | Entered Level 5 of the Vaults
 36819 | Vaults:5 | Noticed a golden dragon
 36843 | Vaults:5 | Reached skill level 23 in Dodging
 36865 | Vaults:5 | Reached XP level 20. HP: 111/111 MP: 35/37
 36885 | Vaults:5 | Got a slimy pewter ring
 36886 | Vaults:5 | Identified the ring of Day {rF+ EV+2 Str+2} (You found it on level 5 of the Vaults)
 37077 | Vaults:5 | Got an ancient wooden ring
 37078 | Vaults:5 | Identified the ring of the Gloaming {rN++ SInv} (You found it on level 5 of the Vaults)
 37093 | Vaults:5 | Noticed a golden dragon
 37153 | Vaults:5 | Reached skill level 11 in Short Blades
 37409 | Vaults:5 | Reached skill level 12 in Short Blades
 37425 | Vaults:5 | Noticed a golden dragon
 37431 | Vaults:5 | Got a silver rune of Zot
 37670 | Depths:1 | Entered Level 1 of the Depths
 37670 | Depths:1 | Noticed the Enchantress
 38232 | Depths:1 | Killed the Enchantress
 38232 | Depths:1 | Reached skill level 13 in Short Blades
 38234 | Depths:1 | Got a faerie dragon armour
 38319 | Depths:1 | Identified the +3 faerie dragon armour {rPois rF+ Str+4 Stlth-} (You took it off the Enchantress on level 1 of the Depths)
 38891 | D:15     | Reached skill level 14 in Short Blades
 39085 | Elf:3    | Entered Level 3 of the Elven Halls
 39736 | Elf:3    | Reached skill level 24 in Dodging
 40109 | Elf:3    | Identified Xolesah's Guide on the Compass
 40114 | Elf:3    | Learned a level 2 spell: Shroud of Golubria
 40299 | Elf:3    | Reached XP level 21. HP: 102/116 MP: 38/38
 40359 | Elf:3    | Got a steaming storm dragon armour {rElec}
 40361 | Elf:3    | Identified Sif Muna's Compendium of Fiery Stones
 40380 | Elf:3    | Got a pitted dagger
 40383 | Elf:3    | Identified the +1 storm dragon armour of Dogmatism {rElec Str+5, rElec} (You took it off a deep elf blademaster on level 3 of the Elven Halls)
 40396 | Elf:3    | Identified the +2 dagger of Forgiveness {freeze, Str+7} (You found it on level 3 of the Elven Halls)
 40871 | Depths:1 | Reached skill level 15 in Fighting
 41285 | Depths:1 | Reached skill level 25 in Dodging
 42115 | Depths:1 | Found a gateway to Hell.
 42267 | Depths:2 | Found a gateway to a ziggurat.
 42321 | Depths:2 | HP: 31/132 [deep troll shaman (12)]
 42466 | Zig:1    | Entered Level 1 of a ziggurat
 42476 | Zig:2    | Entered Level 2 of a ziggurat
 42476 | Zig:2    | Noticed Pusaus the pandemonium lord
 42478 | Zig:2    | Killed Pusaus the pandemonium lord
 42486 | Zig:2    | Got a polished falchion
 42496 | Zig:3    | Entered Level 3 of a ziggurat
 42498 | Zig:3    | Reached skill level 26 in Dodging
 42550 | Zig:4    | Entered Level 4 of a ziggurat
 42595 | Zig:4    | HP: 29/127 [something (6)]
 42595 | Zig:4    | HP: 8/127 [tentacled monstrosity (10)]
 42595 | Zig:4    | Slain by a tentacled monstrosity

Vault maps used:
D:1:      evilmike_arrival_plus, st_stairs_12
D:2:      minitemple, kennysheep_generic_room_5
D:3:      tgw_sif, first_bread, nicolae_tso_swordbearing_angel, uniq_terence
D:4:      marbit_many_paths, moated_statue, kennysheep_pointless_box,
          grunt_decor_fettered
D:5:      uniq_blork_the_orc
D:6:      serial_shops, nicolae_shop_trees, kennysheep_small_spiral
D:7:      good_gods_temple_1, kennysheep_mini, minmay_ruined_shrine
D:8:      uniq_erica, uniq_maurice, uniq_pikel, uniq_grum
D:9:      dpeg_oklobed_lair
D:10:     david_orc_4, serial_shops, kennysheep_little_box, grunt_tengu_nest,
          uniq_snorg, uniq_gastronok, uniq_sonja
D:11:     grunt_qazlal_sundering
D:12:     minmay_triangles_in_corner, kennysheep_nub
D:13:     grunt_vaults_entry_tiered
D:14:     corexii_corridor_pit
D:15:     hangedman_depths_entry_civil_slaughter, minmay_misc_feat_iff
Temple:   minmay_freezing_vapour_temple
Lair:1:   uniq_harold
Lair:2:   serial_bayou_shore_b
Lair:3:   minmay_swamp_entry_worms, guppyfry_snake_entry_island,
          grunt_megastairs_5, infiniplex_staircase_pool
Lair:5:   slime_altar_1
Lair:6:   wormcave, guppyfry_lair_end_dragon
Swamp:1:  hangedman_swamp_ruin_wall
Swamp:2:  nicolae_swamp_round_clearing, uniq_roxanne
Swamp:3:  nicolae_swamp_fairy_circle, swamp_pool1
Swamp:4:  grunt_swamp_rune_castle, swamp_pool4
Snake:1:  basic_altar, portal_ice_cave_entry_horrid_things,
          minmay_shop_grid_forest, grunt_ministairs_6, serial_bayou_shore_b,
          uniq_aizul, uniq_nikola
Snake:2:  minmay_snake_river
Snake:3:  nicolae_cobra_stairs, grunt_ministairs_13, serial_bayou_shore_b
Snake:4:  snake_pit, basic_altar, serial_shops, shop, hangedman_snake_pattern,
          basic_stair_grate_trap, uniq_kirke
Orc:1:    uniq_nergalle
Orc:2:    pf_orc_diabolical, basic_altar
Elf:1:    serial_shops, nicolae_shop_window_shopping, minmay_elf_necromancy
Elf:2:    minivault_16
Elf:3:    grunt_elf_hall_spiral, minivault_16
Vaults:1: v_alt_pattern_2, v_misc_3, hangedman_vaults_stretched_pinwheel,
          nicolae_vaults_mini_display_case, vaults_dpeg_diagonal, v_misc_8,
          v_misc_18, nicolae_vaults_little_squares_3, v_pattern_4,
          nicolae_vaults_alarming
Vaults:2: nicolae_vaults_windows_and_doors_thing, v_misc_29,
          nicolae_vaults_branching_niches, v_misc_12, ontoclasm_vaults_idyll,
          v_misc_9, vaults_dpeg_ring, v_misc_1, ontoclasm_vaults_idyll,
          nicolae_vaults_asterisk, grunt_vaults_diagonal,
          hangedman_vaults_cutoff, serial_shops, shop, uniq_boris, uniq_mennas
Vaults:3: minmay_crypt_entry_simple_statues, v_misc_8,
          nicolae_vaults_little_squares_3, hangedman_vaults_snaps,
          vaults_mumra_bighexcomb, vaults_room_hallway, vaults_room_grid,
          v_alt_pattern_6, serial_ice_g, uniq_frederick
Vaults:4: vaults_mumra_hex, vaults_room_large_hall, ontoclasm_vaults_misaligned,
          grunt_vaults_hallway_short, ontoclasm_vaults_eye, vaults_mumra_lcd,
          grunt_vaults_funnel, vaults_dpeg_doors,
          nicolae_vaults_little_squares_1, vaults_mumra_hexcomb,
          st_spiral_rooms, uniq_jory
Depths:1: grunt_hell_entry_dis_grunt, serial_sigils_hangedman_scratch,
          lemuel_flamethrower_3, uniq_enchantress
Depths:2: minmay_fractal_lines_corner, ziggurat_fallback, hell_entry, pan_entry,
          nrook_mini_vaults, nicolae_abyss_entry_one_way_or_another,
          infiniplex_staircase_spiral_double, serial_bayou_shore_a
IceCv:    ice_cave_statue_garden_chambered

Skill      XL: |  1  2  3  4  5  6  7  8  9 10 11 12 13 14 15 16 17 18 19 20 21 |
---------------+----------------------------------------------------------------+-----
Stealth        | 6 7 8 9 10 11 12 14 15 17 19 21 23 25 27 | 27.0
Dodging        | 2 3 5 6 7 10 12 13 14 17 18 23 24 26 | 26.1
Short Blades   | 4 6 9 10 14 | 14.0
Fighting       | 5 8 10 11 14 15 | 15.1
Shields        | 7 |  7.3
Spellcasting   | 6 8 12 | 12.0
Charms         | 7 9 15 | 15.3
Throwing       | |  2.0

Action                   |  1- 3 |  4- 6 |  7- 9 | 10-12 | 13-15 | 16-18 | 19-21 || total
-------------------------+-------+-------+-------+-------+-------+-------+-------++-------
Melee: Dagger            |    87 |   129 |   187 |   781 |   940 |   103 |       ||  2227
       Quick blade       |       |       |       |       |   695 |  2955 |  2628 ||  6278
 Fire: Blowgun           |     5 |     7 |     2 |    10 |       |       |       ||    24
 Cast: Regeneration      |       |       |       |       |       |     7 |    13 ||    20
       Haste             |       |       |       |       |       |     1 |     6 ||     7
Invok: Shadow Step       |       |       |       |       |     3 |     3 |     8 ||    14
Evoke: Wand              |       |       |     6 |     5 |     7 |    12 |    10 ||    40
       Phial of floods   |       |       |       |       |     1 |       |     1 ||     2
  Use: Scroll            |     3 |     1 |    11 |    11 |    16 |    14 |    21 ||    77
       Potion            |       |       |       |     8 |     2 |     1 |     3 ||    14
 Stab: Sleeping          |    21 |    15 |    34 |    68 |   148 |   165 |   102 ||   553
       Distracted        |       |       |     1 |     4 |    18 |    18 |    10 ||    51
       Confused          |       |       |       |     2 |     1 |       |       ||     3
  Eat: Fruit             |       |       |     1 |       |     3 |     2 |       ||     6
       Pizza             |       |       |     1 |     1 |     1 |       |       ||     3
       Bread ration      |       |       |     1 |       |     1 |     3 |     3 ||     8
       Royal jelly       |       |       |       |       |     1 |       |       ||     1
Armor: Robe              |    11 |    15 |    14 |    15 |    48 |       |       ||   103
       Mottled dragon ar |       |       |       |       |    15 |   164 |    99 ||   278
Dodge: Dodged            |    50 |    65 |   123 |   439 |   818 |  1338 |   964 ||  3797
Block: Buckler           |       |       |       |       |    79 |   688 |   522 ||  1289

Vault maps used:
D:1:      evilmike_arrival_plus, st_stairs_12
D:2:      minitemple, kennysheep_generic_room_5
D:3:      tgw_sif, first_bread, nicolae_tso_swordbearing_angel, uniq_terence
D:4:      marbit_many_paths, moated_statue, kennysheep_pointless_box,
          grunt_decor_fettered
D:5:      uniq_blork_the_orc
D:6:      serial_shops, nicolae_shop_trees, kennysheep_small_spiral
D:7:      good_gods_temple_1, kennysheep_mini, minmay_ruined_shrine
D:8:      uniq_erica, uniq_maurice, uniq_pikel, uniq_grum
D:9:      dpeg_oklobed_lair
D:10:     david_orc_4, serial_shops, kennysheep_little_box, grunt_tengu_nest,
          uniq_snorg, uniq_gastronok, uniq_sonja
D:11:     grunt_qazlal_sundering
D:12:     minmay_triangles_in_corner, kennysheep_nub
D:13:     grunt_vaults_entry_tiered
D:14:     corexii_corridor_pit
D:15:     hangedman_depths_entry_civil_slaughter, minmay_misc_feat_iff
Temple:   minmay_freezing_vapour_temple
Lair:1:   uniq_harold
Lair:2:   serial_bayou_shore_b
Lair:3:   minmay_swamp_entry_worms, guppyfry_snake_entry_island,
          grunt_megastairs_5, infiniplex_staircase_pool
Lair:5:   slime_altar_1
Lair:6:   wormcave, guppyfry_lair_end_dragon
Swamp:1:  hangedman_swamp_ruin_wall
Swamp:2:  nicolae_swamp_round_clearing, uniq_roxanne
Swamp:3:  nicolae_swamp_fairy_circle, swamp_pool1
Swamp:4:  grunt_swamp_rune_castle, swamp_pool4
Snake:1:  basic_altar, portal_ice_cave_entry_horrid_things,
          minmay_shop_grid_forest, grunt_ministairs_6, serial_bayou_shore_b,
          uniq_aizul, uniq_nikola
Snake:2:  minmay_snake_river
Snake:3:  nicolae_cobra_stairs, grunt_ministairs_13, serial_bayou_shore_b
Snake:4:  snake_pit, basic_altar, serial_shops, shop, hangedman_snake_pattern,
          basic_stair_grate_trap, uniq_kirke
Orc:1:    uniq_nergalle
Orc:2:    pf_orc_diabolical, basic_altar
Elf:1:    serial_shops, nicolae_shop_window_shopping, minmay_elf_necromancy
Elf:2:    minivault_16
Elf:3:    grunt_elf_hall_spiral, minivault_16
Vaults:1: v_alt_pattern_2, v_misc_3, hangedman_vaults_stretched_pinwheel,
          nicolae_vaults_mini_display_case, vaults_dpeg_diagonal, v_misc_8,
          v_misc_18, nicolae_vaults_little_squares_3, v_pattern_4,
          nicolae_vaults_alarming
Vaults:2: nicolae_vaults_windows_and_doors_thing, v_misc_29,
          nicolae_vaults_branching_niches, v_misc_12, ontoclasm_vaults_idyll,
          v_misc_9, vaults_dpeg_ring, v_misc_1, ontoclasm_vaults_idyll,
          nicolae_vaults_asterisk, grunt_vaults_diagonal,
          hangedman_vaults_cutoff, serial_shops, shop, uniq_boris, uniq_mennas
Vaults:3: minmay_crypt_entry_simple_statues, v_misc_8,
          nicolae_vaults_little_squares_3, hangedman_vaults_snaps,
          vaults_mumra_bighexcomb, vaults_room_hallway, vaults_room_grid,
          v_alt_pattern_6, serial_ice_g, uniq_frederick
Vaults:4: vaults_mumra_hex, vaults_room_large_hall, ontoclasm_vaults_misaligned,
          grunt_vaults_hallway_short, ontoclasm_vaults_eye, vaults_mumra_lcd,
          grunt_vaults_funnel, vaults_dpeg_doors,
          nicolae_vaults_little_squares_1, vaults_mumra_hexcomb,
          st_spiral_rooms, uniq_jory
Depths:1: grunt_hell_entry_dis_grunt, serial_sigils_hangedman_scratch,
          lemuel_flamethrower_3, uniq_enchantress
Depths:2: minmay_fractal_lines_corner, ziggurat_fallback, hell_entry, pan_entry,
          nrook_mini_vaults, nicolae_abyss_entry_one_way_or_another,
          infiniplex_staircase_spiral_double, serial_bayou_shore_a
IceCv:    ice_cave_statue_garden_chambered

Table legend:
 A = Turns spent in this place as a percentage of turns spent in the entire game.
 B = Non-inter-level travel turns spent in this place as a percentage of non-inter-level travel turns spent in the entire game.
 C = Inter-level travel turns spent in this place as a percentage of turns spent in this place.
 D = Turns resting spent in this place as a percentage of non-inter-level travel turns spent in this place.
 E = Turns spent auto-exploring this place as a percentage of non-inter-level travel turns spent in this place.
 F = Non-inter-level travel turns spent in this place divided by the number of levels of this place that you've seen.
                   A       B       C       D       E      F
               +-------+-------+-------+-------+-------+----------------------
         Total | 100.0 | 100.0 |   0.5 |   0.7 |   5.1 | 446.7
       Dungeon |  22.0 |  21.9 |   0.8 |   0.9 |   9.8 | 306.7
        Temple |   0.1 |   0.1 |   0.0 |   0.0 |   0.0 |  11.0
          Lair |  10.5 |  10.5 |   0.5 |   1.4 |   3.9 | 367.0
         Swamp |  10.9 |  10.9 |   0.5 |   0.3 |   1.8 | 573.8
     Snake Pit |  13.0 |  13.0 |   0.3 |   0.8 |   3.2 | 684.8
  Orcish Mines |   8.5 |   8.5 |   0.4 |   1.1 |   2.8 | 894.0
   Elven Halls |   8.0 |   8.0 |   0.5 |   0.7 |   4.2 | 560.0
        Vaults |  17.2 |  17.2 |   0.2 |   0.2 |   6.7 | 722.2
        Depths |   7.0 |   7.0 |   0.3 |   0.4 |   2.1 | 735.5
      Ziggurat |   0.6 |   0.6 |   0.0 |   0.0 |   0.0 |  31.5
      Ice Cave |   2.2 |   2.2 |   0.0 |   0.4 |   0.0 | 469.0
               +-------+-------+-------+-------+-------+----------------------

Table legend:
 A = Kills in this place as a percentage of kills in entire the game.
 B = Kills by you in this place as a percentage of kills by you in the entire game.
 C = Kills by friends in this place as a percentage of kills by friends in the entire game.
 D = Other kills in this place as a percentage of other kills in the entire game.
 E = Experience gained in this place as a percentage of experience gained in the entire game.
 F = Experience gained in this place divided by the number of levels of this place that you have seen.
                   A       B       C       D       E      F
               +-------+-------+-------+-------+-------+----------------------
         Total | 100.0 | 100.0 | 100.0 | 100.0 | 100.0 | 13883.0
       Dungeon |  27.4 |  27.5 |   0.0 |  50.0 |   9.9 | 4312.9
          Lair |  10.1 |  10.2 |   0.0 |   0.0 |   5.4 | 5862.0
         Swamp |   9.2 |   9.3 |   0.0 |   0.0 |   8.3 | 13491.8
     Snake Pit |  10.4 |  10.4 |   0.0 |  25.0 |  12.2 | 19938.8
  Orcish Mines |   7.3 |   6.9 | 100.0 |   0.0 |   3.3 | 10625.0
   Elven Halls |   6.9 |   7.0 |   0.0 |   0.0 |  13.9 | 30233.3
        Vaults |  20.9 |  21.0 |   0.0 |  25.0 |  32.2 | 42070.2
        Depths |   5.4 |   5.4 |   0.0 |   0.0 |  10.2 | 33209.0
      Ziggurat |   0.8 |   0.8 |   0.0 |   0.0 |   3.4 | 5572.0
      Ice Cave |   1.5 |   1.5 |   0.0 |   0.0 |   1.2 | 7907.0
               +-------+-------+-------+-------+-------+----------------------
